 Dungeon Crawl Stone Soup version 0.28-a0-973-ga7f8b01127 (webtiles) character file.

Game seed: 16596377894006511881

161 Syrorian the Skirmisher (level 5, -5/46 HPs)
             Began as a Draconian Fighter on Dec 1, 2021.
             Was an Initiate of the Shining One.
             Slain by an ogre (22 damage)
             ... on level 4 of the Dungeon.
             The game lasted 00:15:06 (3176 turns).

Syrorian the Skirmisher (Draconian Fighter)         Turns: 3176, Time: 00:15:07

Health: -5/46      AC:  6    Str: 18    XL:     5   Next: 19%
Magic:  5/5        EV: 10    Int:  9    God:    the Shining One [......]
Gold:   149        SH:  8    Dex: 12    Spells: 4/4 levels left

rFire   . . .      SeeInvis .   a - +1 flail
rCold   . . .      Faith    .   g - +0 kite shield
rNeg    . . .      Spirit   .   (armour unavailable)
rPois   .          Reflect  .   (helmet restricted)
rElec   .          Harm     .   s - +0 cloak
rCorr   .          Rampage  .   (no gloves)
Will    .....                   (no boots)
Stlth   +.........              v - amulet of magic regeneration
HPRegen 0.15/turn               i - ring of wizardry
MPRegen 0.49/turn               (no ring)

@: glowing
A: AC +5, unfitting armour, cold-blooded, evolution 1, subdued magic 1
a: Renounce Religion


You were on level 4 of the Dungeon.
You worshipped the Shining One.
The Shining One was noncommittal.
You visited 1 branch of the dungeon, and saw 4 of its levels.

You collected 149 gold pieces.

Inventory:

Hand Weapons
 a - a +1 flail (weapon)
 h - a +0 hunting sling
 j - a +0 long sword
 r - a +0 dagger
 u - a +0 mace
Missiles
 f - 133 stones (quivered)
 l - 23 arrows
 t - 3 boomerangs
Armour
 b - a +0 buckler
 d - a +1 helmet
 g - a +0 kite shield (worn)
 s - a +0 cloak (worn)
Jewellery
 i - a ring of wizardry (left hand)
 v - an amulet of magic regeneration (around neck)
Scrolls
 n - a scroll of noise {unknown}
 q - a scroll of teleportation {unknown}
Potions
 c - a potion of might
 e - a potion of invisibility {unknown}
 k - a potion of ambrosia {unknown}
 m - a potion of experience {unknown}
 o - a potion of heal wounds
 w - a potion of degeneration {unknown}
 x - a potion of cancellation {unknown}


   Skills:
 + Level 4.2 Fighting
 + Level 3.3 Maces & Flails
 + Level 0.3 Throwing
 + Level 3.3 Dodging
 + Level 0.4 Stealth
 + Level 3.8 Shields


You had 4 spell levels left.
You didn't know any spells.
Your spell library contained the following spells:

 Spells                   Type           Power      Damage    Failure   Level
 Foxfire                  Conj/Fire      0%         2x1d4     50%         1
 Conjure Flame            Conj/Fire      0%         6-21      86%         3
 Inner Flame              Hex/Fire       0%         N/A       86%         3
 Flame Wave               Conj/Fire      0%         2d4       99%         4


Dungeon Overview and Level Annotations

Branches:
Dungeon (4/15)
 Temple: D:4-7

Altars:
The Shining One

Shops:
D:3 (


Innate Abilities, Weirdness & Mutations

Your plain brown scales are hard. (AC +5)
You cannot fit into any form of body armour.
You are cold-blooded and may be slowed by cold attacks.
You have hidden genetic potential.
Your spells are a little easier to cast, but a little less powerful.


Message History

You thump the iguana!
The iguana is severely wounded.
The iguana barely misses you.
The iguana bites you but does no damage.
You hit the iguana but do no damage.
The iguana is severely wounded.
The iguana bites you!
You barely miss the iguana.
The iguana is severely wounded.
The iguana bites you but does no damage.
You block the iguana's attack.
You closely miss the iguana.
The iguana is severely wounded.
The iguana closely misses you.
You hit the iguana.
You tail-slap the iguana, but do no damage.
The iguana is almost dead.
The iguana bites you but does no damage.
The iguana barely misses you.
You sock the iguana!
You kill the iguana!
You have reached level 5!
You thump the endoplasm!
You kill the endoplasm!
The ogre closely misses you.
You hit the ogre.
The ogre is lightly wounded.
The ogre barely misses you. The ogre barely misses you.
It was a potion of mutation.
You feel extremely strange.
Your connection to magic feels subdued.
You feel a hidden potential growing inside you.
You hit the ogre but do no damage.
The ogre is lightly wounded.
The ogre misses you.
The ogre hits you with a +0 giant spiked club!
You hit the ogre.
The ogre is moderately wounded.
The ogre hits you with a +0 giant spiked club!!
You die...

#.#... #.##.#
########.#...
#.........#.#
#
#.#######....
#.#### #.#
#.#.# ...#
#.# #....
#.#######.#
#.#.#
#..O@.....#
#....
###########
#####


You could see an ogre.

Vanquished Creatures
  An iguana (D:4)
  3 gnolls (D:2)
  4 adders
  2 worms (D:2)
  A dart slug (D:3)
  2 orcs
  7 endoplasms
  A giant cockroach (D:3)
  3 goblins
  4 hobgoblins
  7 jackals
  A quokka (D:3)
  5 ball pythons
  4 bats
  2 frilled lizards
  7 kobolds
  8 rats
62 creatures vanquished.

Notes
Turn   | Place    | Note
-------+----------+-------------------------------------------
     0 | D:1      | Syrorian the Draconian Fighter began the quest for the Orb.
     0 | D:1      | Reached XP level 1. HP: 19/19 MP: 1/1
   309 | D:1      | Reached XP level 2. HP: 20/26 MP: 2/2
   443 | D:1      | Found a faded altar of an unknown god.
  1621 | D:2      | Reached XP level 3. HP: 33/33 MP: 3/3
  1694 | D:2      | Reached skill level 4 in Fighting
  1707 | D:2      | Reached XP level 4. HP: 31/40 MP: 4/4
  2131 | D:3      | Found Dexkea's Antique Weapon Emporium.
  2259 | D:3      | Found a glowing golden altar of the Shining One.
  2300 | D:3      | Became a worshipper of the Shining One
  3161 | D:4      | Noticed an ogre
  3169 | D:4      | Reached XP level 5. HP: 30/46 MP: 5/5
  3174 | D:4      | Gained mutation: Your spells are a little easier to cast,
                  | but a little less powerful. [potion of mutation]
  3174 | D:4      | Gained mutation: You have hidden genetic potential. [potion
                  | of mutation]
  3176 | D:4      | Slain by an ogre

Illustrated notes

Levels and vault maps discovered:
D:1:      minmay_arrival_hallway, layout_loops_cross,
          hellmonk_ecumenical_altar_zigzags
D:2:      layout_basic
D:3:      layout_loops_cross, mainiacjoe_overflow_chevrons, serial_shops,
          nicolae_shop_stone, hangedman_decor_push
D:4:      kennysheep_spiral_hall, layout_loops_ring,
          minmay_temple_entry_proselytizer, hangedman_decor_riveting,
          nicolae_zen_rock_garden, st_stairs_12, uniq_crazy_yiuf_cottage

Skill      XL: |  1  2  3  4 |
---------------+-------------+-----
Fighting       | 4 |  4.2
Dodging        | 3 |  3.3
Maces & Flails | 3 |  3.3
Throwing       | |  0.3
Stealth        | |  0.4
Shields        | |  3.8

Action                   |  1- 3 |  4- 6 || total
-------------------------+-------+-------++-------
Melee: Flail             |    74 |    94 ||   168
       Tailslap          |     5 |    12 ||    17
Throw: Stone             |     8 |     4 ||    12
  Use: Scroll            |     2 |       ||     2
       Potion            |     1 |     1 ||     2
 Stab: Sleeping          |     1 |       ||     1
Armor: Skin              |    28 |    46 ||    74
Dodge: Dodged            |    56 |    46 ||   102
Block: Kite shield       |    36 |    49 ||    85
       Buckler           |     4 |       ||     4

Table legend: (Time is in decaauts)
 A = Elapsed time spent in this place.
 B = Non-inter-level travel time spent in this place.
 C = Inter-level travel time spent in this place.
 D = Time resting spent in this place.
 E = Time spent auto-exploring this place.
 F = Levels seen in this place.
 G = Mean time per level.
                   A        B        C        D        E       F      G
               +--------+--------+--------+--------+--------+-----+--------+
         Total |   3261 |   3256 |      5 |    396 |    438 |   4 |  815.2 |
       Dungeon |   3261 |   3256 |      5 |    396 |    438 |   4 |  815.2 |
               +--------+--------+--------+--------+--------+-----+--------+

Top non-repeatable levels by time:
     D:1: 1303 daAuts
     D:3: 924 daAuts
     D:2: 884 daAuts
     D:4: 149 daAuts
